 Dungeon Crawl Stone Soup version 0.22.1-1-ga44c0e5 (webtiles) character file.

222417 suicidejoker the Prestidigitator (level 18, 0/126 HPs)
             Began as a Demonspawn Fighter on Oct 8, 2018.
             Was an Initiate of Gozag.
             Splashed by an acid blob's acid (4 damage)
             ... while paralysed by a great orb of eyes
             ... on level 5 of the Pits of Slime.
             The game lasted 02:34:36 (35427 turns).

suicidejoker the Prestidigitator (DsFi)            Turns: 35427, Time: 02:34:36

Health: 0/126      AC: 26    Str: 29    XL:     18   Next: 53%
Magic:  34/34      EV:  2    Int: 17    God:    Gozag
Gold:   373        SH:  0    Dex: 21    Spells: 31/31 levels left

rFire    . . .     SeeInvis .   a - +8 great sword "Gukkiug" {speed, Int+3}
rCold    . . .     Gourm    .   (shield currently unavailable)
rNeg     + + +     Faith    .   r - +6 chain mail of the Game of Life {Str+5 Int+4}
rPois    +         Spirit   .   (helmet unavailable)
rElec    .         Reflect  +   L - scarf {repulsion}
rCorr    +         Harm     .   D - +0 pair of gloves of Diskeb {+Inv MP+9 Dex+4}
MR       ++...     Clarity  +   T - +1 pair of boots "Otul" {-Cast rPois rN+++ MR+} Stlth ..........NoCast +
                                y - +3 amulet of reflection
HPRegen  0.31/turn              q - ring of resist corrosion
MPRegen  0.24/turn              J - ring of resist corrosion

@: paralysed, corroded, sanguine armour, repel missiles
A: horns 3, talons 1, agile 1, blink, clarity, demonic guardian 2, frail 1, foul
stench 2, low mp 1, negative energy resistance 1, screaming 1, strong 1,
evolution 1, no potion heal 1, rot immunity, sanguine armour 3
}: 1/15 runes: serpentine
a: Blink, Potion Petition, Call Merchant, Bribe Branch, Renounce Religion, Evoke
Invisibility


You were on level 5 of the Pits of Slime.
You worshipped Gozag.
Gozag was aware of your devotion.
You were not hungry.

You visited 6 branches of the dungeon, and saw 33 of its levels.
You also visited: Ice Cave.

You collected 10961 gold pieces.
You spent 3926 gold pieces at shops.
You paid 6662 gold pieces to Gozag.

Inventory:

Hand Weapons
 a - the +8 great sword "Gukkiug" (weapon) {speed, Int+3}
   (You bought it in a shop on level 2 of the Orcish Mines)

   Attacks with this weapon are significantly faster.
   It affects your intelligence (+3).
 b - the +10 hand crossbow of Norrargh {elec, Str+3}
   (You bought it in a shop on level 2 of the Orcish Mines)

   It charges the ammunition it shoots with electricity; occasionally upon a
   hit, such missiles may discharge and cause terrible harm.
   It affects your strength (+3).
 F - the +12 glaive of Prune {chop}
   (You found it on level 1 of the Snake Pit)

   It inflicts extra damage upon your enemies.
 S - the +0 great sword "Oqaave Eram" {slice, rElec rPois}
   (You found it on level 13 of the Dungeon)

   It inflicts extra damage upon your enemies.
   It insulates you from electricity.
   It protects you from poison.
Missiles
 V - 233 bolts
Armour
 r - the +6 chain mail of the Game of Life (worn) {Str+5 Int+4}
   (You found it on level 4 of the Dungeon)

   It affects your strength (+5).
   It affects your intelligence (+4).
 D - the +0 pair of gloves of Diskeb (worn) {+Inv MP+9 Dex+4}
   (You found it on level 7 of the Dungeon)

   It affects your dexterity (+4).
   It affects your magic capacity (+9).
   It lets you turn invisible.
 G - a +2 hat of see invisible
 K - a scarf of cloud immunity
 L - a scarf of repulsion (worn)
 T - the +1 pair of boots "Otul" (worn) {-Cast rPois rN+++ MR+}
   (You bought it in a shop on level 3 of the Snake Pit)

   It protects you from poison.
   It renders you almost immune to negative energy.
   It affects your resistance to hostile enchantments.
   It prevents spellcasting.
 Z - the +1 buckler "Mufiycus" {Regen+ Str+4 Int-3}
   (You found it on level 4 of the Snake Pit)

   It affects your strength (+4).
   It affects your intelligence (-3).
   It increases your rate of regeneration.
Jewellery
 q - a ring of resist corrosion (left hand)
 x - an uncursed ring of flight
 y - a +3 amulet of reflection (around neck)
 J - a ring of resist corrosion (right hand)
 N - an uncursed amulet of the acrobat
 O - an uncursed amulet of regeneration
 Q - the ring of the Solstice {+Blink rPois Dex-3 Slay+3}
   (You bought it in a shop on level 4 of the Snake Pit)

   [ring of poison resistance]

   It affects your dexterity (-3).
   It affects your accuracy and damage with ranged weapons and melee attacks
   (+3).
   It protects you from poison.
   It lets you blink.
 W - an uncursed ring of poison resistance
Wands
 g - a wand of acid (26)
 t - a wand of flame (32)
 z - a wand of scattershot (9)
 C - a wand of clouds (8)
 H - a wand of digging (6)
 I - a wand of enslavement (16)
 P - a wand of paralysis (10)
Scrolls
 l - 6 scrolls of immolation
 m - 2 scrolls of blinking
 o - 4 scrolls of remove curse
 u - 4 scrolls of fear
 v - 9 scrolls of teleportation
 U - 3 scrolls of magic mapping
 X - 3 scrolls of enchant weapon
 Y - 2 scrolls of amnesia
Potions
 c - 2 potions of resistance
 d - a potion of haste
 e - 4 potions of brilliance
 h - a potion of berserk rage
 i - 3 potions of agility
 j - 5 potions of lignification
 k - 3 potions of heal wounds
 n - 2 potions of mutation
 p - 9 potions of curing
 w - 3 potions of might
 B - 2 potions of magic
 E - a potion of cancellation
 M - a potion of ambrosia
Miscellaneous
 s - a box of beasts
 A - a phial of floods
 R - a sack of spiders
Comestibles
 f - 19 rations


   Skills:
 + Level 12.4 Fighting
   Level 5.9(9.8) Short Blades
 * Level 11.9(12.4) Long Blades
   Level 9.5 Maces & Flails
 * Level 10.1 Crossbows
 + Level 11.5 Armour
 + Level 9.9 Dodging
 + Level 11.3 Shields
 + Level 7.0 Spellcasting
 * Level 13.8 Evocations


You had 31 spell levels left.
You didn't know any spells.
Your spell library contained the following spells:

 Spells                   Type           Power        Failure   Level  Hunger
 Animate Skeleton         Necr           N/A          41%         1    None
 Apportation              Tloc           #.....       41%         1    None
 Beastly Appendage        Tmut           #.....       41%         1    None
 Corona                   Hex            #......      41%         1    None
 Freeze                   Ice            #...         41%         1    None
 Magic Dart               Conj           #...         41%         1    None
 Pain                     Necr           #...         41%         1    None
 Sandblast                Erth           #.....       41%         1    None
 Summon Butterflies       Summ           #.......     41%         1    None
 Blink                    Tloc           N/A          54%         2    None
 Call Imp                 Summ           #.......     54%         2    None
 Ensorcelled Hibernation  Hex/Ice        #.....       54%         2    None
 Passwall                 Tmut/Erth      #.......     54%         2    None
 Shroud of Golubria       Chrm/Tloc      #.........   54%         2    None
 Slow                     Hex            #.......     54%         2    None
 Sticks to Snakes         Tmut           #.......     54%         2    None
 Throw Frost              Conj/Ice       #.....       54%         2    None
 Conjure Flame            Conj/Fire      #.......     78%         3    ##.....
 Gell's Gravitas          Tloc           #.........   78%         3    ##.....
 Inner Flame              Hex/Fire       #.......     78%         3    ##.....
 Lesser Beckoning         Tloc           #.........   78%         3    ##.....
 Mephitic Cloud           Conj/Pois/Air  #.......     78%         3    ##.....
 Ozocubu's Armour         Chrm/Ice       #.......     78%         3    ##.....
 Portal Projectile        Hex/Tloc       #.....       78%         3    ##.....
 Regeneration             Chrm/Necr      #.........   78%         3    ##.....
 Spider Form              Tmut/Pois      #.........   78%         3    ##.....
 Stone Arrow              Conj/Erth      #.....       78%         3    ##.....
 Tukima's Dance           Hex            #.......     78%         3    ##.....
 Vampiric Draining        Necr           #.........   78%         3    ##.....
 Animate Dead             Necr           N/A          99%         4    ####...
 Cause Fear               Hex            #.........   99%         4    ####...
 Force Lance              Conj/Tloc      #.......     99%         4    ####...
 Ice Form                 Ice/Tmut       #.......     99%         4    ####...
 Leda's Liquefaction      Hex/Erth       #.........   99%         4    ####...
 Petrify                  Tmut/Erth      #.......     99%         4    ####...
 Summon Ice Beast         Ice/Summ       #.......     99%         4    ####...
 Throw Icicle             Conj/Ice       #.......     99%         4    ####...
 Alistair's Intoxication  Tmut/Pois      #.......     100%        5    #####..
 Blade Hands              Tmut           #.........   100%        5    #####..
 Lee's Rapid Deconstruct  Erth           #.........   100%        5    #####..
 Bolt of Cold             Conj/Ice       #.........   100%        6    #######
 Invisibility             Hex            #.......     100%        6    #######
 Ozocubu's Refrigeration  Ice            #.........   100%        6    #######
 Malign Gateway           Summ/Tloc      #.........   100%        7    #######
 Orb of Destruction       Conj           #.........   100%        7    #######
 Ring of Flames           Chrm/Fire      #.........   100%        7    #######
 Summon Hydra             Summ           #.........   100%        7    #######
 Controlled Blink         Tloc           N/A          100%        8    #######


Dungeon Overview and Level Annotations

Branches:
Dungeon (15/15)            Temple (1/1) D:6            Lair (6/6) D:11
 Shoals (0/4) Lair:2        Snake (4/4) Lair:3        Slime (5/5) Lair:6
    Orc (2/2) D:12            Elf (0/3) Orc:2        Vaults (0/5) D:14
 Depths (0/5) D:15

Altars:
Ashenzari
Cheibriados
Dithmenos
Elyvilon
Fedhas
Gozag
Hepliaklqana
Kikubaaqudgha
Makhleb
Nemelex Xobeh
Okawaru
Qazlal
Ru
Sif Muna
Trog
Uskayaw
Vehumet
Wu Jian
Xom
Yredelemnul
Zin
The Shining One
Beogh
Jiyva

Shops:
D:10 ([!   Orc:2 %(((!(}   Snake:2 =}=   Snake:3 [:}   Snake:4 =

Portals:
Trove: D:15 (give horn of Geryon)

Annotations:
Slime:5 Royal Jelly


Innate Abilities, Weirdness & Mutations

You have a pair of large horns on your head.
A demonic guardian rushes to your aid.
You frequently emit foul miasma when damaged in melee.
You resist negative energy. (rN+)
You are immune to rotting.
When seriously injured, your bleeding wounds create very thick armour. (AC +12)
You have sharp toenails.
You are agile. (Dex +2)
You can translocate small distances at will.
You possess an exceptional clarity of mind.
You are frail. (-10% HP)
Your magical capacity is low. (-10% MP)
You occasionally shout uncontrollably at your foes.
Your muscles are strong. (Str +2)
You evolve.
Potions are less effective at restoring your health.


Message History

* * * LOW HITPOINT WARNING * * *
You are splashed with acid!
The acid burns!
You resist.
* * * LOW HITPOINT WARNING * * *
The slime creature is engulfed in dark miasma.
The slime creature is poisoned.
The slime creature hits you but does no damage.
The slime creature looks sick.
The acid blob hits you but does no damage.
The acid blob looks sick.
The Royal Jelly is engulfed in dark miasma.
The Royal Jelly hits you but does no damage.
The Royal Jelly hits you!!
* * * LOW HITPOINT WARNING * * *
The acid corrodes you!
You are splashed with acid!
The acid burns!
You resist.
* * * LOW HITPOINT WARNING * * *
The acid blob hits you.
* * * LOW HITPOINT WARNING * * *
You are splashed with acid!
The acid burns!
You resist.
You die...
Your body crumbles into a pile of gold.

#.#### #......#..#
..............##
................##
.................##
..................##
................$..#
................JJ.###
.....(......G..J@..#.####
......(........$$.....#.#
.G.....(................##
.......$.................###
......(..$..J..............####
.........................###..#
.###(#...................##..#
#.#####..............$...## .
#...........$.......##


You could see the Royal Jelly, an acid blob, a great orb of eyes and 2 slime
creatures.

Vanquished Creatures
  Saint Roka (Orc:2)
  Nikola (Snake:2)
  10 acid blobs
  11 nagarajas
  5 azure jellies
  A frost giant (IceCv)
  The ghost of popps the Protected, a journeyman DsBe of Trog (Snake:1)
  A stone giant (Orc:1)
  The ghost of FoxWall the Basher, a journeyman MiFi of Okawaru (Snake:1)
  Snorg (Orc:2)
  A death ooze (Slime:1)
  3 great orbs of eyes
  Fannar (Lair:3)
  6 hydras
  14 naga warriors
  4 two-headed ogres
  A death knight (D:15)
  18 anacondas
  2 centaur warriors (D:14)
  2 death yaks (IceCv)
  A tengu warrior (D:15)
  19 naga sharpshooters
  11 shock serpents
  3 ogre magi (Orc:2)
  Sonja (Lair:3)
  6 salamander mystics
  3 unseen horrors
  11 naga ritualists
  A glowing orange brain (D:15)
  An orc knight (D:15)
  A spectral wolf spider (D:13)
  16 mana vipers
  8 shining eyes
  4 lindwurms (Snake:4)
  8 orc sorcerers
  66 slime creatures
  An ugly thing (D:15)
  5 oklob plants
  9 salamanders
  A spectral centaur (D:13)
  A manticore (D:15)
  A centaur zombie (D:15)
  Maurice (Orc:2)
  14 naga magi
  7 guardian serpents
  52 black mambas
  An elephant (Lair:6)
  Psyche (D:9)
  A black mamba (shapeshifter) (D:14)
  7 spiny frogs
  8 komodo dragons
  An efreet (D:13)
  2 rime drakes
  A freezing wraith (D:15)
  2 merfolk (Lair:2)
  4 hornets (Lair:6)
  6 trolls
  15 polar bears
  A wolf spider simulacrum (D:13)
  9 blink frogs
  A dream sheep (Lair:6)
  5 hippogriffs
  Sigmund (D:3)
  3 shadows
  13 spriggans (Lair:6)
  A wraith (D:12)
  A wyvern (D:11)
  5 water elementals (D:14)
  17 yaks
  A golden eye (Slime:3)
  2 hogs (D:7)
  2 hungry ghosts
  4 wargs
  3 vampire mosquitoes
  57 nagas
  A soldier ant (shapeshifter) (D:15)
  6 water moccasins
  2 acid dragons
  2 floating eyes
  8 porcupines
  2 black bears
  A hornet zombie (D:10)
  2 sky beasts
  6 phantoms
  17 orc warriors
  7 ice beasts
  A necrophage (D:8)
  4 eyes of draining
  16 ogres
  4 boggarts (Lair:6)
  26 wolves
  6 centaurs
  10 crocodiles
  3 big kobolds
  14 bullfrogs
  3 scorpions
  A wyvern skeleton (D:10)
  2 troll zombies (D:12)
  2 vampire bats (D:9)
  5 killer bees
  11 wights
  9 electric eels
  6 howler monkeys
  5 crimson imps
  2 quasits
  7 hounds
  3 centaur skeletons
  12 orc priests
  A jelly (D:8)
  32 orc wizards
  4 iguanas
  8 worker ants
  6 ogre zombies (D:12)
  A hound zombie (D:6)
  A worker ant zombie (D:9)
  A gnoll (D:2)
  10 adders
  4 shadow imps
  An ooze (D:7)
  An adder skeleton (D:7)
  5 worms
  A dart slug (D:2)
  4 leopard geckos
  64 orcs
  A ball python (D:2)
  4 giant cockroaches
  12 goblins
  5 hobgoblins
  5 jackals
  5 quokkas
  13 bats
  4 frilled lizards
  3 goblin zombies (D:12)
  4 hobgoblin zombies (D:12)
  A jackal zombie (D:8)
  16 kobolds
  A leopard gecko skeleton (D:8)
  A leopard gecko zombie (D:7)
  An orc skeleton (D:12)
  14 orc zombies (D:12)
  3 quokka zombies
  11 rats
  2 plants
968 creatures vanquished.

Vanquished Creatures (collateral kills)
  3 acid blobs
  Gastronok (D:8)
  The ghost of Zing the Basher, a journeyman MiFi of the Shining One (D:13)
  2 ogre magi
  4 naga warriors
  2 hydras
  A centaur warrior (D:13)
  Nergalle (D:12)
  2 naga sharpshooters
  2 shock serpents
  2 salamander mystics (Snake:4)
  2 skeletal warriors (D:15)
  3 naga ritualists (Snake:4)
  A deep elf mage (D:15)
  2 ugly things
  11 slime creatures
  A salamander (Snake:1)
  2 spectral centaurs (D:13)
  10 black mambas
  A guardian serpent (Snake:4)
  7 naga magi (Snake:4)
  A freezing wraith (D:15)
  2 trolls
  2 queen bees (shapeshifter) (D:15)
  2 polar bears
  A polar bear (shapeshifter) (D:15)
  2 merfolk (Lair:2)
  Grinder (D:3)
  3 blink frogs (Lair:3)
  A wolf spider simulacrum (D:13)
  A hippogriff (D:7)
  A dream sheep (Lair:6)
  A wraith (D:15)
  A spriggan (Lair:6)
  A human (D:7)
  3 yaks
  2 hogs (D:7)
  Grum (D:9)
  A vampire mosquito (D:12)
  Menkaure (D:7)
  4 nagas
  3 ice beasts (D:15)
  A black bear (D:7)
  An ogre (D:7)
  A boggart (Lair:6)
  7 wolves
  8 centaurs
  2 scorpions
  5 killer bees
  2 howler monkeys (D:9)
  2 hounds (D:9)
  A bullfrog skeleton (D:12)
  An orc priest (Orc:2)
  4 orc wizards
  A worker ant (D:8)
  2 adders
  2 shadow imps
  An adder skeleton (D:7)
  A leopard gecko (D:7)
  12 orcs
  2 goblins (D:3)
  A hobgoblin (D:3)
  A goblin zombie (D:12)
  A hobgoblin zombie (D:12)
  An orc zombie (D:12)
156 creatures vanquished.

Vanquished Creatures (others)
  2 guardian serpents
  3 polar bears (IceCv)
  A wolf (IceCv)
  A shadow imp (D:14)
  A kobold (D:13)
  A fungus (Lair:2)
  18 plants
  2 withered plants (Snake:1)
29 creatures vanquished.

Grand Total: 1153 creatures vanquished

Notes
Turn   | Place    | Note
-------+----------+-------------------------------------------
     0 | D:1      | suicidejoker the Demonspawn Fighter began the quest for the
                  | Orb.
     0 | D:1      | Reached XP level 1. HP: 18/18 MP: 1/1
    50 | D:1      | Gained mutation: You have a pair of small horns on your
                  | head. [demonic ancestry]
    50 | D:1      | Reached XP level 2. HP: 11/24 MP: 2/2
   983 | D:2      | Gained mutation: A weak demonic guardian rushes to your
                  | aid. [demonic ancestry]
   983 | D:2      | Reached XP level 3. HP: 29/29 MP: 3/3
  1313 | D:2      | Gained mutation: When seriously injured, your bleeding
                  | wounds create armour. (AC +12) [demonic ancestry]
  1313 | D:2      | Reached XP level 4. HP: 31/35 MP: 4/4
  1540 | D:2      | Found an iron altar of Okawaru.
  1675 | D:2      | Found a radiant altar of Vehumet.
  1677 | D:2      | Found an ancient bone altar of Kikubaaqudgha.
  1687 | D:2      | Found a deep blue altar of Sif Muna.
  1692 | D:2      | Identified Vehumet's Catalogue of Conjuration
  2010 | D:3      | Noticed Sigmund
  2010 | D:3      | Noticed Grinder
  2071 | D:3      | Paralysed by Grinder for 7 turns
  2337 | D:3      | Killed Sigmund
  2337 | D:3      | Gained mutation: You are immune to rotting. [demonic
                  | ancestry]
  2337 | D:3      | Reached XP level 5. HP: 42/42 MP: 5/5
  2337 | D:3      | Gained mutation: A demonic guardian rushes to your aid.
                  | [demonic ancestry]
  2337 | D:3      | Reached XP level 6. HP: 48/48 MP: 6/6
  2353 | D:3      | Paralysed by Grinder for 4 turns
  2359 | D:3      | Killed Grinder
  3009 | D:4      | Got a fine chain mail
  3020 | D:4      | Identified the +6 chain mail of the Game of Life {Str+5
                  | Int+4} (You found it on level 4 of the Dungeon)
  3381 | D:4      | Found a burning altar of Makhleb.
  3776 | D:5      | Entered Level 5 of the Dungeon
  3784 | D:5      | Reached XP level 7. HP: 54/55 MP: 7/7
  3824 | D:5      | Got an ichor-stained dagger
  3825 | D:5      | Identified the +1 dagger of Proximity {pierce, MR+ Str+5}
                  | (You found it on level 5 of the Dungeon)
  4028 | D:5      | Reached skill level 5 in Maces & Flails
  4463 | D:5      | Noticed a moth of wrath
  4467 | D:5      | Found a bloodstained altar of Trog.
  4678 | D:6      | Found a transporter.
  4680 | D:6      | Noticed a yak
  4681 | D:6      | Noticed a troll
  4682 | D:6      | Found an ornate altar of the Wu Jian Council.
  4682 | D:6      | Found a transporter.
  4719 | D:6      | Reached skill level 5 in Fighting
  4728 | D:6      | Found a sparkling altar of Nemelex Xobeh.
  4740 | D:6      | Found a blossoming altar of Fedhas.
  4743 | D:6      | Gained mutation: You have a pair of horns on your head.
                  | [demonic ancestry]
  4743 | D:6      | Reached XP level 8. HP: 62/62 MP: 8/8
  5212 | D:6      | Reached skill level 5 in Shields
  5216 | D:6      | Found a staircase to the Ecumenical Temple.
  5239 | Temple   | Entered the Ecumenical Temple
  5587 | D:6      | Reached skill level 5 in Armour
  5900 | D:6      | Killed a troll
  6282 | D:7      | Reached XP level 9. HP: 62/69 MP: 9/9
  6573 | D:7      | Found a glowing golden altar of the Shining One.
  6573 | D:7      | Noticed Menkaure
  6579 | D:7      | Killed Menkaure
  6765 | D:7      | Found a stormy altar of Qazlal.
  6881 | D:7      | Got a pair of warped gloves
  6892 | D:7      | Identified the cursed +0 pair of gloves of Diskeb {+Inv
                  | MP+9 Dex+4} (You found it on level 7 of the Dungeon)
  7199 | D:8      | Found a glowing silver altar of Zin.
  7205 | D:8      | Reached skill level 1 in Short Blades
  7205 | D:8      | Reached skill level 1 in Dodging
  7286 | D:8      | Noticed Gastronok
  7302 | D:8      | Killed Gastronok
  7302 | D:8      | Gained mutation: You may emit foul miasma when damaged in
                  | melee. [demonic ancestry]
  7302 | D:8      | Reached XP level 10. HP: 41/79 MP: 10/10
  7628 | D:8      | Gained mutation: You are weak. (Str -2) [potion of
                  | mutation]
  7628 | D:8      | Gained mutation: You have sharp toenails. [potion of
                  | mutation]
  7628 | D:8      | Gained mutation: Armour fits poorly on your strangely
                  | shaped body. [potion of mutation]
  7628 | D:8      | Gained mutation: You expend magic power (3 MP) to
                  | strengthen your wands. [potion of mutation]
  7629 | D:8      | Lost mutation: You expend magic power (3 MP) to strengthen
                  | your wands. [potion of mutation]
  7629 | D:8      | Lost mutation: Armour fits poorly on your strangely shaped
                  | body. [potion of mutation]
  7629 | D:8      | Gained mutation: You are agile. (Dex +2) [potion of
                  | mutation]
  7629 | D:8      | Gained mutation: You are very agile. (Dex +4) [potion of
                  | mutation]
  7679 | D:8      | Found an opulent altar of Gozag.
  7687 | D:8      | Became a worshipper of Gozag Ym Sagoz the Greedy
  7806 | D:8      | Found a glowing golden altar of the Shining One.
  8486 | D:9      | Noticed Psyche
  8498 | D:9      | Killed Psyche
  8562 | D:9      | Noticed Grum
  8568 | D:9      | Killed Grum
  8840 | D:9      | Found a glowing silver altar of Zin.
  8857 | D:10     | Entered Level 10 of the Dungeon
  8885 | D:10     | Found Loheocov's Armour Emporium.
  8893 | D:10     | Bought a scarf of repulsion for 144 gold pieces
  8926 | D:10     | Found Ytywn's Distillery.
  9091 | D:10     | Reached skill level 1 in Evocations
  9155 | D:10     | Found Losaiz Dupn's Weapon Emporium.
  9369 | D:10     | Gained mutation: You have a pair of large horns on your
                  | head. [demonic ancestry]
  9369 | D:10     | Reached XP level 11. HP: 73/86 MP: 12/12
  9426 | D:10     | Bought the +4 pair of boots of Honour {rElec rF- rN++} for
                  | 504 gold pieces
  9463 | D:10     | Bought a potion of lignification for 42 gold pieces
  9463 | D:10     | Bought a potion of curing for 42 gold pieces
  9481 | D:11     | Found a staircase to the Lair.
  9616 | D:11     | Found a sparkling altar of Nemelex Xobeh.
  9654 | D:11     | Reached skill level 2 in Evocations
  9866 | D:11     | Killed an unseen horror
 10319 | D:11     | Noticed a green ugly thing
 10325 | D:11     | Killed a green ugly thing
 10325 | D:11     | Reached skill level 3 in Evocations
 10917 | D:12     | Noticed Nergalle
 10925 | D:12     | Killed Nergalle
 10938 | D:12     | Noticed a two-headed ogre
 10947 | D:12     | Killed a two-headed ogre
 10965 | D:12     | Found a staircase to the Orcish Mines.
 11073 | D:12     | Killed an unseen horror
 11105 | D:12     | Reached skill level 4 in Evocations
 11180 | D:12     | Reached skill level 5 in Short Blades
 11478 | D:12     | You fall through a shaft!
 11516 | D:13     | Killed an unseen horror
 11566 | D:13     | Reached skill level 5 in Evocations
 11589 | D:13     | Gained mutation: When seriously injured, your bleeding
                  | wounds create thick armour. (AC +12) [demonic ancestry]
 11589 | D:13     | Reached XP level 12. HP: 73/94 MP: 15/15
 11882 | D:13     | Got a spiked helmet
 12165 | D:13     | Noticed a centaur warrior
 12172 | D:13     | Killed a centaur warrior
 12515 | D:13     | Found a runed gate.
 12515 | D:13     | Found a runed gate.
 12515 | D:13     | Found a runed gate.
 12515 | D:13     | Noticed Zing's ghost (journeyman MiFi)
 12532 | D:13     | Reached skill level 1 in Long Blades
 12543 | D:13     | Reached skill level 5 in Dodging
 12557 | D:13     | Killed Zing's ghost
 12557 | D:13     | Reached skill level 6 in Evocations
 12577 | D:13     | Got a crude great sword
 12583 | D:13     | Identified the cursed +0 great sword "Oqaave Eram" {slice,
                  | rElec rPois} (You found it on level 13 of the Dungeon)
 12856 | D:14     | Noticed a centaur warrior
 12863 | D:14     | Killed a centaur warrior
 12923 | D:14     | Found a gate to the Vaults.
 12923 | D:14     | Noticed a two-headed ogre
 12923 | D:14     | Noticed a two-headed ogre
 12926 | D:14     | Noticed an ogre mage
 12931 | D:14     | Killed a two-headed ogre
 12936 | D:14     | Killed a two-headed ogre
 12941 | D:14     | Killed an ogre mage
 12991 | D:14     | Noticed a centaur warrior
 12999 | D:14     | Killed a centaur warrior
 13095 | D:14     | Reached skill level 7 in Evocations
 13669 | D:15     | Entered Level 15 of the Dungeon
 13707 | D:15     | Noticed a tengu warrior
 13715 | D:15     | Killed a tengu warrior
 13752 | D:15     | Noticed a death knight
 13767 | D:15     | Killed a death knight
 13778 | D:15     | Gained mutation: You frequently emit foul miasma when
                  | damaged in melee. [demonic ancestry]
 13778 | D:15     | Reached XP level 13. HP: 44/101 MP: 18/18
 13786 | D:15     | Found a frozen archway.
 13820 | IceCv    | Entered an ice cave
 14266 | IceCv    | Identified The Lost Almanac of Boris
 14650 | IceCv    | Reached skill level 8 in Evocations
 14727 | IceCv    | Noticed a frost giant
 14738 | IceCv    | Reached skill level 5 in Long Blades
 14756 | IceCv    | HP: 3/101 [frost giant/bolt of cold (57)]
 15179 | IceCv    | Killed a frost giant
 15224 | IceCv    | Got a fine whip
 15230 | IceCv    | Identified the Almanac of the Glacier
 15241 | IceCv    | Identified the +4 whip of Tenacity {pain, Stlth+} (You
                  | found it in an ice cave)
 16234 | D:15     | Reached skill level 9 in Evocations
 16267 | D:15     | Reached skill level 10 in Fighting
 16276 | D:15     | Found a staircase to the Depths.
 16492 | D:15     | Found a portal to a secret trove of treasure.
 16639 | Orc:1    | Entered Level 1 of the Orcish Mines
 16639 | Orc:1    | Found a roughly hewn altar of Beogh.
 16652 | Orc:1    | Noticed a stone giant
 16671 | Orc:1    | Killed a stone giant
 17181 | Orc:2    | Entered Level 2 of the Orcish Mines
 17430 | Orc:2    | Found Jushuw's Antique Weapon Shop.
 17493 | Orc:2    | Bought a bloodstained hand crossbow for 246 gold pieces
 17493 | Orc:2    | Identified the +10 hand crossbow of Norrargh {elec, Str+3}
                  | (You bought it in a shop on level 2 of the Orcish Mines)
 17515 | Orc:2    | Noticed Maurice
 17537 | Orc:2    | Killed Maurice
 17624 | Orc:2    | Found Jerere's Food Boutique.
 17677 | Orc:2    | Found a roughly hewn altar of Beogh.
 17778 | Orc:2    | Found a staircase to the Elven Halls.
 17898 | Orc:2    | Noticed Saint Roka
 17931 | Orc:2    | Killed Saint Roka
 17931 | Orc:2    | Reached skill level 1 in Crossbows
 17931 | Orc:2    | Gained mutation: You resist negative energy. (rN+) [demonic
                  | ancestry]
 17931 | Orc:2    | Reached XP level 14. HP: 60/110 MP: 21/21
 18231 | Orc:2    | Found Maunaodug's Antique Weapon Shop.
 18241 | Orc:2    | Found Xaruewn's Gadget Boutique.
 18276 | Orc:2    | Lost mutation: You are weak. (Str -2) [a neqoxec]
 18276 | Orc:2    | Gained mutation: Your body sometimes deteriorates upon
                  | taking damage. [a neqoxec]
 18315 | Orc:2    | Found an ancient bone altar of Kikubaaqudgha.
 18330 | Orc:2    | Found Raggaibb's Distillery.
 18374 | Orc:2    | Bought a potion of heal wounds for 70 gold pieces
 18374 | Orc:2    | Bought a potion of might for 56 gold pieces
 18374 | Orc:2    | Bought a potion of might for 56 gold pieces
 18374 | Orc:2    | Bought a potion of curing for 42 gold pieces
 18374 | Orc:2    | Bought a potion of curing for 42 gold pieces
 18386 | Orc:2    | Found a radiant altar of Vehumet.
 18635 | Orc:2    | Found Ivathrul's Antique Weapon Shop.
 18635 | Orc:2    | Found a roughly hewn altar of Beogh.
 18766 | Orc:2    | Found Toruzopp's Antique Weapon Emporium.
 18769 | Orc:2    | Bought a steaming great sword for 391 gold pieces
 18769 | Orc:2    | Identified the +8 great sword "Gukkiug" {speed, Int+3} (You
                  | bought it in a shop on level 2 of the Orcish Mines)
 18790 | Orc:2    | Noticed Snorg
 18801 | Orc:2    | Killed Snorg
 19094 | Lair:1   | Entered Level 1 of the Lair of Beasts
 20221 | Lair:2   | Found a staircase to the Shoals.
 21168 | Lair:3   | Reached skill level 1 in Spellcasting
 21168 | Lair:3   | Reached skill level 10 in Evocations
 21242 | Lair:3   | Noticed Sonja
 21248 | Lair:3   | Killed Sonja
 21272 | Lair:3   | Found a staircase to the Snake Pit.
 21297 | Lair:3   | Noticed Fannar
 21308 | Lair:3   | Killed Fannar
 22022 | Lair:3   | Lost mutation: Your body sometimes deteriorates upon taking
                  | damage. [potion of mutation]
 22022 | Lair:3   | Lost mutation: You are very agile. (Dex +4) [potion of
                  | mutation]
 22022 | Lair:3   | Gained mutation: You can translocate small distances at
                  | will. [potion of mutation]
 22022 | Lair:3   | Gained mutation: You are weak. (Str -2) [potion of
                  | mutation]
 22022 | Lair:3   | Gained mutation: You evolve. [potion of mutation]
 22165 | Lair:4   | Gained mutation: You are frail. (-10% HP) [evolution]
 22335 | Lair:4   | Identified the +2 helmet of Amorality {rC+} (You found it
                  | on level 13 of the Dungeon)
 22989 | Lair:5   | Found a glowing silver altar of Zin.
 23450 | Lair:6   | Entered Level 6 of the Lair of Beasts
 24072 | Lair:6   | Gained mutation: When seriously injured, your bleeding
                  | wounds create very thick armour. (AC +12) [demonic
                  | ancestry]
 24072 | Lair:6   | Reached XP level 15. HP: 95/105 MP: 22/22
 24379 | Lair:6   | Found a viscous altar of Jiyva.
 24379 | Lair:6   | Found a staircase to the Slime Pits.
 24570 | Lair:6   | Reached skill level 10 in Shields
 24575 | Lair:6   | Reached skill level 10 in Armour
 24618 | Lair:6   | Reached skill level 5 in Crossbows
 24850 | Lair:6   | Got a smoking war axe
 24851 | Lair:6   | Identified the +3 war axe of Uhierunt {chop, rF+} (You
                  | found it on level 6 of the Lair of Beasts)
 25314 | Snake:1  | Entered Level 1 of the Snake Pit
 25415 | Snake:1  | Found the +12 glaive of Prune {chop}
 25779 | Snake:1  | Reached skill level 11 in Evocations
 25893 | Snake:1  | Found a runed gate.
 26059 | Snake:1  | Lost mutation: You are weak. (Str -2) [evolution]
 26249 | Snake:1  | Found a runed gate.
 26250 | Snake:1  | Found a runed gate.
 26251 | Snake:1  | Noticed FoxWall's ghost (journeyman MiFi)
 26252 | Snake:1  | Noticed popps's ghost (journeyman DsBe)
 26447 | Snake:1  | Killed FoxWall's ghost
 26452 | Snake:1  | Killed popps's ghost
 26655 | Snake:2  | Found Etzoul's Jewellery Boutique.
 26656 | Snake:2  | Found Fuciteke's Gadget Shoppe.
 26657 | Snake:2  | Found Paholo's Jewellery Boutique.
 26663 | Snake:2  | Bought an uncursed ring of resist corrosion for 280 gold
                  | pieces
 26859 | Snake:2  | Noticed a nagaraja
 26870 | Snake:2  | Killed a nagaraja
 27272 | Snake:2  | Noticed Nikola
 27298 | Snake:2  | Killed Nikola
 27334 | Snake:2  | Reached XP level 16. HP: 87/112 MP: 24/24
 28170 | Snake:3  | Found Zeax's Armour Shoppe.
 28287 | Snake:3  | Bought the +1 pair of boots "Otul" {-Cast rPois rN+++ MR+}
                  | for 644 gold pieces
 28581 | Snake:3  | Found Delan's Book Emporium.
 28611 | Snake:3  | Found Plog's Gadget Emporium.
 28697 | Snake:3  | Reached skill level 12 in Evocations
 28827 | Snake:3  | Reached skill level 10 in Long Blades
 28991 | Snake:4  | Entered Level 4 of the Snake Pit
 29181 | Snake:4  | Identified the Incunabulum of Orientation
 29249 | Snake:4  | Reached skill level 5 in Spellcasting
 29489 | Snake:4  | Gained mutation: Your muscles are strong. (Str +2)
                  | [evolution]
 29843 | Snake:4  | Reached XP level 17. HP: 62/118 MP: 26/26
 30121 | Snake:4  | Got a shimmering buckler
 30129 | Snake:4  | Identified the +1 buckler "Mufiycus" {Regen+ Str+4 Int-3}
                  | (You found it on level 4 of the Snake Pit)
 30150 | Snake:4  | Found Halidifi's Jewellery Emporium.
 30155 | Snake:4  | Bought the ring of the Solstice {+Blink rPois Dex-3 Slay+3}
                  | for 725 gold pieces
 30160 | Snake:4  | Bought a +3 amulet of reflection for 282 gold pieces
 31114 | Snake:4  | Reached skill level 13 in Evocations
 31829 | Snake:4  | Got a serpentine rune of Zot
 31940 | Snake:4  | Bought an uncursed ring of resist corrosion for 360 gold
                  | pieces
 32113 | Slime:1  | Entered Level 1 of the Pits of Slime
 32126 | Slime:1  | Gained mutation: Your magical capacity is low. (-10% MP) [a
                  | shining eye]
 32175 | Slime:1  | Gained mutation: You occasionally shout uncontrollably at
                  | your foes. [a shining eye]
 32178 | Slime:1  | Noticed an acid blob
 32186 | Slime:1  | Killed an acid blob
 32193 | Slime:1  | Noticed an acid blob
 32205 | Slime:1  | Killed an acid blob
 33081 | Slime:2  | Noticed an acid blob
 33085 | Slime:2  | Killed an acid blob
 33085 | Slime:2  | Reached XP level 18. HP: 120/126 MP: 25/25
 33236 | Slime:3  | Gained mutation: Potions are less effective at restoring
                  | your health. [a shining eye]
 33454 | Slime:3  | Paralysed by a floating eye for 3 turns
 33470 | Slime:2  | Paralysed by a floating eye for 4 turns
 34081 | Slime:3  | Gained mutation: You possess an exceptional clarity of
                  | mind. [evolution]
 34577 | Slime:5  | Entered Level 5 of the Pits of Slime
 34580 | Slime:5  | Reached skill level 10 in Crossbows
 35422 | Slime:5  | Noticed the Royal Jelly
 35423 | Slime:5  | Paralysed by a great orb of eyes for 6 turns
 35427 | Slime:5  | HP: 4/126 [acid blob (5)]
 35427 | Slime:5  | Splashed by an acid blob's acid

Skill      XL: |  1  2  3  4  5  6  7  8  9 10 11 12 13 14 15 16 17 18 |
---------------+-------------------------------------------------------+-----
Maces & Flails | 2 3 4 5 7 8 9 |  9.5
Armour         | 3 4 5 6 7 8 9 10 11 | 11.5
Shields        | 3 4 5 6 7 8 9 10 11 | 11.3
Fighting       | 4 5 6 7 8 9 10 11 12 | 12.4
Short Blades   | 2 3 5 |  5.9
Dodging        | 1 3 4 5 6 7 8 9 |  9.9
Evocations     | 1 5 7 9 10 11 12 13 | 13.8
Long Blades    | 4 6 8 9 10 11 | 11.9
Crossbows      | 1 4 6 8 9 10 | 10.1
Spellcasting   | 2 4 5 6 7 |  7.0

Action                   |  1- 3 |  4- 6 |  7- 9 | 10-12 | 13-15 | 16-18 || total
-------------------------+-------+-------+-------+-------+-------+-------++-------
Melee: Flail             |    40 |       |       |    18 |       |       ||    58
       Dagger            |   110 |   164 |   461 |   656 |       |       ||  1391
       Headbutt          |    18 |    38 |   124 |   325 |   209 |   159 ||   873
       Great sword       |       |       |       |    87 |   522 |   381 ||   990
       Scimitar          |       |       |       |    29 |       |       ||    29
       Kick              |       |       |       |       |   120 |    36 ||   156
 Fire: Hand crossbow     |       |       |       |       |   476 |   635 ||  1111
       Arbalest          |       |       |       |       |    12 |       ||    12
Throw: Tomahawk          |       |       |       |     9 |    14 |       ||    23
Invok: Potion Petition   |       |       |       |     1 |     9 |     4 ||    14
 Abil: Evoke Invisibilit |       |       |       |       |     1 |       ||     1
Evoke: Wand              |       |       |       |     5 |    25 |     6 ||    36
       Box of beasts     |       |       |       |       |     1 |       ||     1
  Use: Scroll            |       |    10 |     6 |    12 |    13 |     2 ||    43
       Potion            |       |     4 |       |     7 |     4 |       ||    15
 Stab: Distracted        |       |     2 |     2 |     8 |     5 |     5 ||    22
       Invisible         |       |       |       |       |     5 |    14 ||    19
  Eat: Chunk             |     1 |     7 |    13 |       |       |       ||    21
       Ration            |       |       |       |     7 |    13 |     8 ||    28
Armor: Scale mail        |    53 |    41 |       |       |       |       ||    94
       Chain mail        |       |    20 |   224 |   351 |   323 |   238 ||  1156
Dodge: Dodged            |    28 |    36 |   102 |   283 |   496 |   285 ||  1230
       Deflected         |       |       |       |     9 |    33 |    56 ||    98
Block: Shield            |    51 |    72 |   267 |   363 |       |       ||   753
       Large shield      |       |       |       |    56 |       |       ||    56
       Buckler           |       |       |       |       |       |    25 ||    25
       Other             |       |       |       |       |       |    21 ||    21
       Reflection        |       |       |       |       |       |     5 ||     5
       Rpst.: Great sword |       |       |       |    17 |    87 |    55 ||   159
       Scimitar          |       |       |       |     1 |       |       ||     1
